 Dungeon Crawl Stone Soup version 0.31-a0-702-gf82c85558f (webtiles) character file.

Game seed: 1806620815309855010

293 qw the Shooter (level 6, 0/39 HPs)
             Began as a Gargoyle Hunter on Sept 7, 2023.
             Slain by an ogre
             ... wielding a +0 giant club
              (20 damage)
             ... on level 4 of the Dungeon.
             The game lasted 00:00:55 (2297 turns).

qw the Shooter (Gargoyle Hunter)                    Turns: 2297, Time: 00:00:55

Health: 0/39       AC: 11    Str: 14    XL:     6   Next: 33%
Magic:  6/6        EV: 11    Int: 10    God:
Gold:   155        SH:  0    Dex: 21    Spells: 5/5 levels left

rFire   . . .        Y - +0 shortbow
rCold   . . .        (shield currently unavailable)
rNeg    + . .        d - +0 ring mail
rPois   inf          (no helmet)
rElec   +            m - +1 cloak "Jejum" {Will+}
rCorr   .            (no gloves)
SInv    .            (no boots)
Will    +....        (no amulet)
Stlth   +            k - +6 ring of dexterity
HPRegen 0.26/turn    (no ring)
MPRegen 0.10/turn

%: no passive effects
@: no status effects
A: sickness immunity, AC +4, negative energy resistance 1, electricity
resistance, torment resistance 1, petrification resistance
a: no special abilities


You were on level 4 of the Dungeon.
You visited 1 branch of the dungeon, and saw 4 of its levels.

You collected 155 gold pieces.


Innate Abilities, Weirdness & Mutations

You are immune to sickness and miasma.
Your stone body is resilient. (AC +4)
You are immune to poison.
You resist negative energy. (rN+)
You are resistant to electric shocks. (rElec)
You are resistant to unholy torment.
You are immune to petrification.


   Skills:
 - Level 4.3 Fighting
 + Level 6.3 Ranged Weapons
 - Level 1.4 Armour
 - Level 1.5 Dodging
 - Level 1.1 Stealth


You had 5 spell levels left.
You didn't know any spells.
Your spell library was empty.

Inventory:

Hand Weapons
 Y - a +0 shortbow (weapon)
Armour
 d - a +0 ring mail (worn)
 m - the +1 cloak "Jejum" (worn) {Will+}
   (You found it on level 3 of the Dungeon)

   Will+:     It increases your willpower.
Jewellery
 k - a +6 ring of dexterity (left hand)
Scrolls
 i - 2 scrolls of identify
 n - a scroll of enchant armour
Potions
 b - a potion of magic
 e - a potion of mutation {unknown}
 f - a potion of heal wounds
 g - a potion of enlightenment {unknown}
 h - a potion of resistance {unknown}
 l - a potion of curing {unknown}

Dungeon Overview and Level Annotations

Branches:
Dungeon (4/15)
 Temple: D:4-7

Altars:
Vehumet

Annotations:
D:4 exclusion: orc warrior


Message History

The hound moves out of view.
You shoot an arrow. The arrow hits the orc.
The orc is almost dead.
A hobgoblin comes into view.
An orc comes into view. It is wielding a +0 whip.
A scorpion comes into view.
2290 ||| READING 3 scrolls of identify.
As you read the scroll of identify, it crumbles to dust.
b - a potion of magic
2290 ||| IDENTIFYING bubbling red potion An orc comes into view.
It is wielding a +0 hand axe.
An ogre comes into view. It is wielding a +0 giant club.
The orc attacks as it pursues you! The orc hits you but does no damage.
You shoot an arrow. The arrow hits the orc.
You kill the orc!
The ogre barely misses you.
You shoot an arrow. The arrow hits the ogre!
The ogre is moderately wounded.
You hear an angry hiss.
The ogre closely misses you.
You shoot an arrow. The arrow hits the ogre!
The ogre is severely wounded.
The scorpion stings you. The ogre closely misses you.
You shoot an arrow. The arrow barely misses the ogre.
An adder comes into view.
The scorpion stings you but does no damage.
The adder barely misses you.
The scorpion stings you but does no damage.
2296 |||
Found retreat position at -1,0 (scorpion; floor) with 0 blocking monsters and 1 monsters attacking at destination at distance 1 You shoot an arrow.
The arrow hits the ogre.
The ogre is almost dead.
The ogre hits you with a +0 giant club! The adder bites you but does no damage.
The scorpion stings you.
2297 |||
Found retreat position at -1,0 (scorpion; floor) with 0 blocking monsters and 1 monsters attacking at destination at distance 1 You shoot an arrow.
The arrow barely misses the ogre.
The adder bites you but does no damage.
The scorpion stings you but does no damage.
The ogre hits you with a +0 giant club!!
Ouch! That really hurt!
You die...

#.# #.# ..# #.#
### #.# #)# #.#
#.# #.# #.#
.....###S#
......s@#...~o~o
.!######O#..~.~.
g...~.~.
#...~... ...~.~~
....... ....##
....#


You could see an ogre, a scorpion, an adder and a hobgoblin.

Vanquished Creatures
  An ogre (D:4)
  An iguana (D:4)
  2 orc wizards (D:4)
  A statue (D:3)
  4 gnolls (D:2)
  An ufetubus (D:3)
  An adder zombie (D:2)
  A worm (D:2)
  5 orcs
  3 endoplasms
  4 giant cockroaches
  6 hobgoblins
  2 jackals (D:3)
  A quokka (D:1)
  6 ball pythons
  5 bats
  7 frilled lizards
  2 giant cockroach zombies (D:2)
  4 goblins
  4 kobolds
  A quokka skeleton (D:2)
  2 rats
64 creatures vanquished.

Notes
Turn   | Place    | Note
-------+----------+-------------------------------------------
     0 | D:1      | qw the Gargoyle Hunter began the quest for the Orb.
     0 | D:1      | Reached XP level 1. HP: 12/12 MP: 1/1
     0 | D:1      | 0 ||| qw: Version: 0.3-a-76-g4403597
     0 | D:1      | 0 ||| qw: Game counter: 879
     0 | D:1      | 0 ||| qw: Melee chars always use a shield: true
     0 | D:1      | 0 ||| qw: God list: Okawaru
     0 | D:1      | 0 ||| qw: Allow faded altars: false
     0 | D:1      | 0 ||| qw: Do Orc after clearing Dungeon:15 true
     0 | D:1      | 0 ||| qw: Do second Lair branch before Depths: true
     0 | D:1      | 0 ||| qw: Lair rune preference: random
     0 | D:1      | 0 ||| qw: Goals: Normal
     0 | D:1      | 0 ||| PLANNING D:1-11
   101 | D:1      | You fall into a shaft and drop 1 floor!
   122 | D:2      | 122 ||| Stepping ~*~*~tactically~*~*~ (retreating).
   124 | D:2      | Reached XP level 2. HP: 17/17 MP: 2/2
   129 | D:2      | Reached skill level 5 in Ranged Weapons
   129 | D:2      | Reached XP level 3. HP: 18/21 MP: 3/3
   246 | D:2      | 246 ||| READING scroll labelled BARYNEI QU SUBLIQU.
   247 | D:2      | 247 ||| DROPPING scroll of butterflies.
   390 | D:1      | Reached skill level 3 in Fighting
   448 | D:1      | Reached XP level 4. HP: 28/28 MP: 4/4
   796 | D:1      | 796 ||| READING scroll labelled YFAMUMUAMU.
  1377 | D:2      | 1377 ||| READING scroll labelled RUDAUR ODOKLI.
  1396 | D:2      | 1396 ||| READING scroll labelled ELUK YLUFF.
  1397 | D:2      | 1397 ||| DRINKING 2 cyan potions.
  1398 | D:2      | 1398 ||| DRINKING 2 puce potions.
  1399 | D:2      | 1399 ||| DROPPING potion of attraction.
  1580 | D:3      | Found a radiant altar of Vehumet.
  1580 | D:3      | Noticed a charred statue
  1591 | D:3      | Killed a charred statue
  1659 | D:3      | Reached XP level 5. HP: 32/32 MP: 5/5
  1894 | D:3      | Identified the +1 cloak "Jejum" {Will+}
  2106 | D:3      | 2106 ||| UPGRADING to +0 ring mail.
  2116 | D:3      | 2116 ||| DROPPING +0 leather armour.
  2117 | D:3      | 2117 ||| UPGRADING to +1 cloak "Jejum" {Will+}.
  2122 | D:3      | 2122 ||| UPGRADING to +6 ring of dexterity.
  2123 | D:3      | 2123 ||| READING scroll labelled WAIRAC GONN.
  2124 | D:3      | 2124 ||| READING 2 scrolls labelled UXTU QIUCSAUS.
  2125 | D:3      | 2125 ||| READING scroll labelled HADUZE HO GOA.
  2152 | D:4      | Reached skill level 1 in Armour
  2198 | D:4      | Reached skill level 6 in Ranged Weapons
  2243 | D:4      | Noticed an ogre
  2250 | D:4      | Killed an ogre
  2251 | D:4      | Reached XP level 6. HP: 39/39 MP: 6/6
  2287 | D:4      | Noticed an orc warrior
  2290 | D:4      | 2290 ||| READING 3 scrolls of identify.
  2290 | D:4      | 2290 ||| IDENTIFYING bubbling red potion
  2297 | D:4      | Slain by an ogre

Levels and vault maps discovered:
D:1:      amcnicky_arrival_choice, layout_loops_ring
D:2:      layout_loops_ring, serial_undead, serial_undead_b, serial_undead_e,
          serial_undead_d, serial_undead_c, guppyfry_early_lair_pool
D:3:      layout_basic, vehumet_statue, chequers_serial_rivers_room_b
D:4:      layout_loops_ring, mainiacjoe_overflow_cross_hatched, uniq_natasha

Skill      XL: |  1  2  3  4  5 |
---------------+----------------+-----
Ranged Weapons | 5 6 |  6.3
Fighting       | 3 4 |  4.3
Armour         | 1 |  1.4
Dodging        | |  1.5
Stealth        | |  1.1

Action                     |  1- 3 |  4- 6 || total
---------------------------+-------+-------++-------
   Fire: Shortbow          |    62 |   159 ||   221
    Use: Scroll            |     1 |     7 ||     8
         Potion            |       |     2 ||     2
 Armour: Leather armour    |    13 |    44 ||    57
         Ring mail         |       |    17 ||    17
  Dodge: Dodged            |    12 |    59 ||    71

Table legend:
 A = Non-vault XP
 B = Vault XP
 C = Vault XP percentage of total XP
 D = Non-vault monster count
 E = Vault monster count
 F = Vault count percentage of total count
                 A         B        C        D         E       F
            +---------+---------+-------+---------+---------+-------
      Total |     378 |      41 |   9.8 |      59 |       5 |   7.8
            +---------+---------+-------+---------+---------+-------
        D:1 |      31 |       0 |   0.0 |      22 |       0 |   0.0
        D:2 |      80 |       9 |  10.1 |      16 |       4 |  20.0
        D:3 |      23 |      32 |  58.2 |      10 |       1 |   9.1
        D:4 |     244 |       0 |   0.0 |      11 |       0 |   0.0
            +---------+---------+-------+---------+---------+-------
